 Dungeon Crawl Stone Soup version 0.26-a0-1058-g8dc6ce00ff (webtiles) character file.

Game seed: 599474692063752711

308 KristoblXynda the Slasher (level 6, -6/52 HPs)
             Began as a Draconian Gladiator on Dec 13, 2020.
             Was a Follower of Cheibriados.
             Killed from afar by Sigmund (8 damage)
             ... with a puff of flame
             ... on level 4 of the Dungeon.
             The game lasted 00:04:55 (3554 turns).

KristoblXynda the Slasher (Draconian Gladiator)     Turns: 3554, Time: 00:04:56

Health: -6/52      AC:  7    Str: 18    XL:     6   Next: 17%
Magic:  6/6        EV: 14    Int: 12    God:    Cheibriados [*.....]
Gold:   239        SH:  0    Dex: 15    Spells: 5/5 levels left

rFire    . . .     SeeInvis .   a - +0 long sword
rCold    . . .     Faith    .   (no shield)
rNeg     . . .     Spirit   .   (armour unavailable)
rPois    .         Reflect  .   b - +0 hat
rElec    .         Harm     .   j - +0 cloak
rCorr    .         Rampage  .   (no gloves)
Will     +....                  (no boots)
Stlth    +.........             (no amulet)
HPRegen  0.17/turn              q - ring of willpower
MPRegen  0.10/turn              (no ring)

@: confused, very slow
A: unfitting armour, cold-blooded, AC +6
a: Bend Time, Renounce Religion


You were on level 4 of the Dungeon.
You worshipped Cheibriados.
Cheibriados was aware of your devotion.
You visited 1 branch of the dungeon, and saw 4 of its levels.

You collected 239 gold pieces.

Inventory:

Hand Weapons
 a - a +0 long sword (weapon)
Armour
 b - a +0 hat (worn)
 j - a +0 cloak (worn)
Jewellery
 q - a ring of willpower (left hand)
Wands
 r - a wand of polymorph (5)
Scrolls
 g - a scroll of remove curse
 h - a scroll of identify
 i - 3 scrolls of amnesia
 l - a scroll of teleportation {unknown}
 n - a scroll of random uselessness {unknown}
Potions
 f - a potion of flight {unknown}
 k - a potion of brilliance
 m - a potion of haste
 o - a potion of invisibility
 p - a potion of mutation


   Skills:
 + Level 4.0 Fighting
 * Level 5.3 Long Blades
 - Level 2.0 Throwing
 + Level 3.9 Dodging


You had 5 spell levels left.
You didn't know any spells.
Your spell library was empty.

Dungeon Overview and Level Annotations

Branches:
Dungeon (4/15)             Temple (0/1) D:4

Altars:
Cheibriados
Elyvilon
Nemelex Xobeh
Qazlal
Ru
Sif Muna

Shops:
D:4 }?=

Annotations:
D:4 1 runed translucent door, Sigmund; thewurscht's ghost, amateur DrMo


Innate Abilities, Weirdness & Mutations

Your plain brown scales are hard. (AC +6)
You cannot fit into any form of body armour.
You are cold-blooded and may be slowed by cold attacks.


Message History

You hear some strange, mumbled words.
A magic dart appears from out of thin air!
The magic dart hits you.
* * * LOW HITPOINT WARNING * * *
Unknown command.
You're too confused to move!
You hear some strange, mumbled words.
Something tries to affect you, but you resist.
You bump into the rock wall.
Something hits you.
* * * LOW HITPOINT WARNING * * *
x2 Unknown command.
Unknown command.
Okay, then.
You are too confused!
Unknown command.
You bump into the rock wall.
Something hits you but does no damage.
You hear some strange, mumbled words.
A puff of flame appears from out of thin air!
The puff of flame hits you!
You die...

#.######.#
#.#...##.#
#####.#.#.##.#
#(....#.#.##.#####
#.####............
#.# #..##.#.####.
#{# #.....#.#..#.
#########.#
#..##......#.
##.......#@#
#.....#....#.
#..........#
##.#.#......#.
#.8.8.8.####
#......†#.....
#######..⌠.⌠..#
####....<#.#..
........8.>.8.#####
##.....#.#..
.........⌠.⌠.......
.............
#######.8.8.8.####.
####..###.###
...)..............
............
############.#####
###..^..###.


There were no monsters in sight!

Vanquished Creatures
  A ynoxinul (D:4)
  8 adders
  2 worms
  2 dart slugs
  2 leopard geckos
  An orc (D:3)
  A ball python (D:1)
  2 giant cockroaches
  10 goblins
  7 hobgoblins
  4 jackals
  A quokka (D:4)
  6 bats
  10 frilled lizards
  8 kobolds
  A quokka skeleton (D:4)
  9 rats
75 creatures vanquished.

Vanquished Creatures (others)
  2 withered plants (D:4)
2 creatures vanquished.

Grand Total: 77 creatures vanquished

Notes
Turn   | Place    | Note
-------+----------+-------------------------------------------
     0 | D:1      | KristoblXynda the Draconian Gladiator began the quest for
                  | the Orb.
     0 | D:1      | Reached XP level 1. HP: 17/17 MP: 1/1
   148 | D:1      | Reached XP level 2. HP: 25/25 MP: 2/2
   954 | D:1      | Reached XP level 3. HP: 24/30 MP: 3/3
  1227 | D:2      | Found a sparkling altar of Nemelex Xobeh.
  1687 | D:2      | Found a shimmering blue altar of Sif Muna.
  1959 | D:2      | Found a stormy altar of Qazlal.
  2076 | D:2      | Reached skill level 4 in Long Blades
  2076 | D:2      | Reached XP level 4. HP: 38/38 MP: 4/4
  2243 | D:3      | Found a snail-covered altar of Cheibriados.
  2254 | D:3      | Became a worshipper of Cheibriados the Contemplative
  2833 | D:3      | Found a white marble altar of Elyvilon.
  2834 | D:3      | Found a sacrificial altar of Ru.
  3004 | D:3      | Reached * piety under Cheibriados
  3173 | D:4      | Reached XP level 5. HP: 45/45 MP: 5/5
  3212 | D:4      | Found Luony's Jewellery Emporium.
  3315 | D:4      | Noticed Grinder
  3322 | D:4      | Noticed Grinder
  3322 | D:4      | Grinder changed into Grinder the ynoxinul
  3335 | D:4      | Killed Grinder the ynoxinul
  3336 | D:4      | Reached skill level 5 in Long Blades
  3336 | D:4      | Reached XP level 6. HP: 37/52 MP: 6/6
  3421 | D:4      | Found Zotuo's Magic Scroll Emporium.
  3448 | D:4      | Found Joekha Otsu's Gadget Boutique.
  3460 | D:4      | Found a runed translucent door.
  3469 | D:4      | Noticed thewurscht's ghost (amateur DrMo)
  3491 | D:4      | Found a staircase to the Ecumenical Temple.
  3522 | D:4      | Noticed Sigmund
  3552 | D:4      | HP: 2/52 [something (5)]
  3554 | D:4      | Killed from afar by Sigmund

Illustrated notes

Levels and vault maps discovered:
D:1:      ncdulo_smallfort, layout_basic, minmay_surrounded
D:2:      layout_loops_ring, overflow_temple_1_default, led_sif_pool,
          nemelex_lonely_heart_becter
D:3:      layout_loops_cross, kennysheep_slug_shrine,
          gammafunk_temple_overflow_pools
D:4:      layout_basic, minmay_temple_entry_statues_fountains, serial_shops,
          shop, shop, shop, shop, nicolae_shop_stone, gammafunk_ghost_grave,
          uniq_sigmund, uniq_robin, uniq_grinder

Skill      XL: |  1  2  3  4  5  6 |
---------------+-------------------+-----
Throwing       | 2 |  2.0
Dodging        | 3 |  3.9
Fighting       | 3 4 |  4.0
Long Blades    | 4 5 |  5.3

Action                   |  1- 3 |  4- 6 || total
-------------------------+-------+-------++-------
Melee: Long sword        |   124 |   110 ||   234
       Tailslap          |    19 |    17 ||    36
Throw: Throwing net      |       |     3 ||     3
Evoke: Wand              |       |     1 ||     1
  Use: Scroll            |       |     9 ||     9
       Potion            |       |     6 ||     6
 Stab: Sleeping          |     3 |     1 ||     4
Armor: Skin              |    49 |    42 ||    91
Dodge: Dodged            |    92 |    93 ||   185
       Rpst.: Long sword |    37 |    19 ||    56

Table legend: (Time is in decaauts)
 A = Elapsed time spent in this place.
 B = Non-inter-level travel time spent in this place.
 C = Inter-level travel time spent in this place.
 D = Time resting spent in this place.
 E = Time spent auto-exploring this place.
 F = Levels seen in this place.
 G = Mean time per level.
                   A        B        C        D        E       F      G
               +--------+--------+--------+--------+--------+-----+--------+
         Total |   3861 |   3772 |     89 |    506 |   2502 |   4 |  965.2 |
       Dungeon |   3861 |   3772 |     89 |    506 |   2502 |   4 |  965.2 |
               +--------+--------+--------+--------+--------+-----+--------+

Top non-repeatable levels by time:
     D:3: 1190 daAuts
     D:1: 1189 daAuts
     D:2: 960 daAuts
     D:4: 521 daAuts
